 Dungeon Crawl Stone Soup version 0.30-a0-137-gd8773701ce (webtiles) character file.

Game seed: 4631836873627043762

812 bande the Chopper (level 7, -5/61 HPs)
             Began as a Hill Orc Fighter on Sept 22, 2022.
             Was an Initiate of Beogh.
             Killed by nerve-wracking pain
             ... invoked by Grinder
              (14 damage)
             ... while paralysed by Grinder
             ... on level 6 of the Dungeon.
             The game lasted 00:10:14 (5968 turns).

bande the Chopper (Hill Orc Fighter)                Turns: 5968, Time: 00:10:15

Health: -5/61      AC: 12    Str: 25    XL:     7   Next: 93%
Magic:  7/7        EV: -1    Int:  8    God:    Beogh [......]
Gold:   264        SH:  0    Dex: 12    Spells: 6/6 levels left

rFire   . . .      SeeInvis .    a - +1 war axe
rCold   . . .      Faith    .    c - +1 buckler
rNeg    . . .      Spirit   .    p - +0 chain mail
rPois   .          Reflect  .    (no helmet)
rElec   .          Harm     .    (no cloak)
rCorr   .          Rampage  .    h - +1 pair of gloves
Will    .....                    (no boots)
Stlth   ..........               (no amulet)
HPRegen 0.20/turn                d - +6 ring of strength
MPRegen 0.10/turn                (no ring)

@: paralysed, grasped by roots, constricted, very slow
A: no striking features
a: Renounce Religion


You were on level 6 of the Dungeon.
You worshipped Beogh.
Beogh was noncommittal.
You visited 1 branch of the dungeon, and saw 6 of its levels.

You collected 277 gold pieces.
You spent 13 gold pieces at shops.

Inventory:

Hand Weapons
 a - a +1 war axe (weapon)
Missiles
 q - a throwing net (quivered)
Armour
 c - a +1 buckler (worn)
 h - a +1 pair of gloves (worn)
 p - a +0 chain mail (worn)
Jewellery
 d - a +6 ring of strength (left hand)
Scrolls
 e - a scroll of magic mapping
 g - a scroll of enchant weapon
 k - a scroll of teleportation
Potions
 b - a potion of resistance {unknown}
 f - a potion of heal wounds
 i - 3 potions of brilliance
 m - a potion of curing
 n - a potion of invisibility {unknown}
 o - 3 potions of magic
 s - a potion of mutation


   Skills:
 + Level 5.6 Fighting
 + Level 7.2 Axes
 + Level 6.3 Armour
 + Level 4.7 Shields


You had 6 spell levels left.
You didn't know any spells.
Your spell library contained the following spells:

 Spells                   Type           Power      Damage    Failure   Level
 Inner Flame              Hex/Fire       0%         N/A       100%        3
 Cause Fear               Hex            0%         N/A       100%        4
 Discord                  Hex            0%         N/A       100%        8


Dungeon Overview and Level Annotations

Branches:
Dungeon (6/15)             Temple (0/1) D:5

Altars:
Dithmenos
Uskayaw

Shops:
D:2 !=!=   D:5 **

Annotations:
D:3 2 transporters, Pilot's ghost, amateur GrEE
D:6 Grinder


Message History

You closely miss something. You barely miss the iguana.
The iguana completely misses you. Something hits you but does no damage.
Unknown command.
You hit something. You hit Grinder but do no damage. You slash the iguana!
Something hits you but does no damage. The iguana completely misses you.
Grinder hits you but does no damage.
The iguana bites you but does no damage.
A sky beast appears from thin air!
Reactivating autopickup.
The sky beast hits you but does no damage.
Grinder zaps a wand.
The roots erupt in riotous growth!
The grasping roots grab you!
The sky beast is unaffected.
The iguana is unaffected.
Grinder is unaffected.
The grasping roots constrict you.
* * * LOW HITPOINT WARNING * * *
You slash the sky beast!
You kill the sky beast!
Beogh accepts your kill.
You hit Grinder but do no damage. You slash the iguana!
You kill the iguana!
Beogh accepts your kill. Grinder hits you but does no damage.
The grasping roots constrict you.
* * * LOW HITPOINT WARNING * * *
Your Axes skill increases to level 7!
You escape the roots grasp.
You enter the shallow water.
Moving in this stuff is going to be slow.
Grinder hits you but does no damage.
Items here: )) [[.
Unknown command.
You slash Grinder!
Grinder is moderately wounded.
Grinder gestures at you.
You suddenly lose the ability to move!
Grinder zaps a wand.
The roots erupt in riotous growth!
The grasping roots grab you!
Grinder is unaffected.
The grasping roots constrict you.
* * * LOW HITPOINT WARNING * * *
Grinder gestures at you. Pain shoots through your body!
You die...

*,,,,,*****,,,,,* #,#..#*##...#
*,*****,,,****#.###.#...##.....
*,+,,,,,_,,,,,+.##.?.:..$......
*,*****,,,#####.#..........##..
*,,,,,**###...........#...#....
***,,,,,..............##.Y....#
*,,,,.,,,#.....#...$.#.<.....#
*,,,,....#...).#.....#........
*,,,,....[.).@).....>...#####.
**,,,........5###########*,,,.
*,,,,.........#,+,*,+,***,,,,#
**,,,,..#..#...#**+*+***,,,,,,,
*<,,,,.....#.###,+,,,+,*,,,,,,,
**,,,,....,.#* ***,,,*****,,,,,
*,,,,...,.#* *,+,,,+∩* ****,*
*,,,,.....* *,*+*+*+****,,,*
**,,,,,,,,*****,*,*,*,*>,,,,,*


You could see Grinder.

Vanquished Creatures
  A sky beast (D:6)
  2 phantoms
  A necrophage (D:6)
  A scorpion (D:4)
  A gnoll bouda (D:5)
  A hound (D:5)
  A jelly (D:5)
  2 iguanas
  2 orc wizards
  8 gnolls (D:5)
  4 adders
  2 ufetubi
  2 worms
  4 dart slugs
  10 orcs
  7 endoplasms
  6 giant cockroaches
  6 goblins
  8 hobgoblins
  5 jackals
  9 quokkas
  7 ball pythons
  8 bats
  3 frilled lizards
  6 kobolds
  5 rats
112 creatures vanquished.

Vanquished Creatures (others)
  A hound (D:6)
  An adder (D:6)
  An orc (D:6)
3 creatures vanquished.

Grand Total: 115 creatures vanquished

Notes
Turn   | Place    | Note
-------+----------+-------------------------------------------
     0 | D:1      | bande the Hill Orc Fighter began the quest for the Orb.
     0 | D:1      | Reached XP level 1. HP: 19/19 MP: 1/1
   106 | D:1      | Reached XP level 2. HP: 27/27 MP: 2/2
   244 | D:1      | Reached skill level 3 in Axes
   361 | D:1      | Reached XP level 3. HP: 23/33 MP: 3/3
   857 | D:2      | Found Hujeorgh's Jewellery Shoppe.
  1142 | D:2      | Found a faded altar of an unknown god.
  1147 | D:2      | Reached XP level 4. HP: 40/40 MP: 4/4
  1204 | D:2      | Found Eloafy's Jewellery Emporium.
  1253 | D:2      | Found Odaquat's Distillery.
  1260 | D:2      | Bought a potion of degeneration for 13 gold pieces
  1332 | D:2      | Found Ocaklon's Distillery.
  1583 | D:3      | Reached skill level 4 in Axes
  1773 | D:3      | Found a hide-covered altar of Uskayaw.
  1967 | D:3      | Noticed Pilot's ghost (amateur GrEE)
  1968 | D:3      | Found a transporter.
  1968 | D:3      | Noticed an ogre
  1968 | D:3      | Noticed an ogre
  1972 | D:3      | Noticed an ogre
  2157 | D:3      | Found a transporter.
  2211 | D:3      | Found a shadowy altar of Dithmenos.
  2571 | D:4      | Reached XP level 5. HP: 37/47 MP: 5/5
  3698 | D:4      | Noticed a phantom
  3713 | D:4      | Killed a phantom
  3714 | D:4      | Reached XP level 6. HP: 43/55 MP: 6/6
  3751 | D:4      | Reached skill level 5 in Fighting
  3751 | D:4      | Reached skill level 5 in Axes
  3963 | D:4      | Reached skill level 5 in Armour
  4323 | D:5      | Entered Level 5 of the Dungeon
  4571 | D:5      | Reached XP level 7. HP: 40/61 MP: 7/7
  5082 | D:5      | Found Tenuig's Overcharged Wands.
  5261 | D:5      | Reached skill level 6 in Axes
  5380 | D:5      | Found a staircase to the Ecumenical Temple.
  5559 | D:5      | Found Wiseinig's General Store.
  5909 | D:6      | Became a worshipper of Beogh the Brigand
  5934 | D:6      | Noticed Grinder
  5965 | D:6      | Reached skill level 7 in Axes
  5966 | D:6      | Paralysed by Grinder for 3 turns
  5968 | D:6      | Killed from afar by Grinder

Illustrated notes

Levels and vault maps discovered:
D:1:      dpeg_arrival_rooms_c, layout_basic, nicolae_figureground_sparkle
D:2:      layout_basic, hellmonk_ecumenical_altar_zigzags, serial_shops,
          nicolae_shop_stone, shop_fountains, shop, nicolae_shop_statue_plus
D:3:      layout_basic, nicolae_uskayaw_dance_hall,
          grunt_dithmenos_smoke_and_mirrors, gammafunk_ghost_smash,
          minmay_diced_spiral
D:4:      layout_loops_ring
D:5:      layout_basic, minmay_temple_entry_arrows, serial_shops,
          nicolae_shop_stone, minmay_misc_feat_x,
          eino_small_chamber_without_monster, minmay_hedge_maze,
          nicolae_shop_overcharged_wands
D:6:      kennysheep_spiral_hall, layout_cave_pools,
          mainiacjoe_overflow_small_starburst,
          mainiacjoe_overflow_surrounded_room, nicolae_ru_path_of_blood,
          serial_gnoll_camp, gnoll_camp_mini_shop, gnoll_camp_mini_house,
          gnoll_camp_mini_hut, gnoll_camp_mini_shop,
          nicolae_ossuary_entry_catacombs, hangedman_decor_growths,
          chequers_serial_rivers_small_a, uniq_grinder

Skill      XL: |  1  2  3  4  5  6  7 |
---------------+----------------------+-----
Axes           | 3 4 5 7 |  7.2
Fighting       | 4 5 |  5.6
Armour         | 4 5 6 |  6.3
Shields        | 4 |  4.7

Action                   |  1- 3 |  4- 6 |  7- 9 || total
-------------------------+-------+-------+-------++-------
Melee: War axe           |   105 |   192 |    49 ||   346
Invok: Convert to Beogh  |       |       |     1 ||     1
  Use: Potion            |       |     3 |     1 ||     4
       Scroll            |       |       |    12 ||    12
Armor: Scale mail        |    62 |    72 |       ||   134
       Chain mail        |       |    24 |    38 ||    62
Dodge: Dodged            |    47 |   105 |    27 ||   179
Block: Buckler           |    23 |    67 |    15 ||   105

Table legend: (Time is in decaauts)
 A = Elapsed time spent in this place.
 B = Non-inter-level travel time spent in this place.
 C = Inter-level travel time spent in this place.
 D = Time resting spent in this place.
 E = Time spent auto-exploring this place.
 F = Levels seen in this place.
 G = Mean time per level.
                   A        B        C        D        E       F      G
               +--------+--------+--------+--------+--------+-----+--------+
         Total |   6085 |   6064 |     21 |   1668 |   3294 |   6 | 1014.2 |
       Dungeon |   6085 |   6064 |     21 |   1668 |   3294 |   6 | 1014.2 |
               +--------+--------+--------+--------+--------+-----+--------+

Top non-repeatable levels by time:
     D:3: 1967 daAuts
     D:5: 1209 daAuts
     D:4: 1204 daAuts
     D:1: 882 daAuts
     D:2: 740 daAuts
     D:6: 81 daAuts
